 Dungeon Crawl Stone Soup version 0.26-a0-1181-gd376ed14c5 (webtiles) character file.

Game seed: 3802077593890742683

11827 Arthanis the Arsonist (level 11, -1/55 HPs)
             Began as a Deep Elf Fire Elementalist on Dec 26, 2020.
             Was a Priest of Vehumet.
             Slain by a fire giant
             ... wielding a +6 great sword of flaming
              (10 damage)
             ... on level 11 of the Dungeon.
             The game lasted 00:23:50 (15032 turns).

Arthanis the Arsonist (Deep Elf Fire Elementalist) Turns: 15032, Time: 00:23:50

Health: -1/55      AC: 10    Str:  5    XL:     11   Next: 54%
Magic:  20/29      EV: 14    Int: 24    God:    Vehumet [***...]
Gold:   649        SH:  0    Dex: 21    Spells: 20/34 levels left

rFire    + . .     SeeInvis .   o - staff of fire
rCold    + . .     Faith    .   (no shield)
rNeg     . . .     Spirit   .   a - +0 robe
rPois    .         Reflect  .   (no helmet)
rElec    .         Harm     .   T - +2 cloak
rCorr    .         Rampage  .   A - +2 pair of gloves
Will     +....                  F - +1 pair of boots
Stlth    +++.......             (no amulet)
HPRegen  0.18/turn              p - +6 ring of dexterity
MPRegen  0.21/turn              f - ring of protection from cold

@: about to teleport
A: no striking features
a: Renounce Religion


You were on level 11 of the Dungeon.
You worshipped Vehumet.
Vehumet was most pleased with you.
You visited 2 branches of the dungeon, and saw 13 of its levels.

You collected 739 gold pieces.
You spent 90 gold pieces at shops.

Inventory:

Hand Weapons
 j - a +0 dagger
 w - a +2 whip of freezing
 M - the +8 trident of the Octopus King {venom, rElec rPois Will+}
   (You found it on level 9 of the Dungeon)

   It poisons the flesh of those it strikes.
   It insulates you from electricity.
   It protects you from poison.
   It affects your willpower, your defense against some magical effects.
Armour
 a - a +0 robe (worn)
 A - a +2 pair of gloves (worn)
 E - a +0 pair of gloves
 F - a +1 pair of boots (worn)
 H - a +0 buckler
 O - a +1 cloak
 T - a +2 cloak (worn)
Magical Staves
 o - an uncursed staff of fire (weapon)
 N - an uncursed staff of death
Jewellery
 f - a ring of protection from cold (right hand)
 p - a +6 ring of dexterity (left hand)
 x - an uncursed ring of resist corrosion
 J - an uncursed ring of flight
 S - an uncursed ring of protection from cold
Wands
 q - a wand of acid (6)
 v - a wand of disintegration (22)
 y - a wand of flame (19)
 K - a wand of iceblast (12)
Scrolls
 b - 7 scrolls of remove curse
 d - 2 scrolls of fog {unknown}
 g - 6 scrolls of identify
 h - 4 scrolls of amnesia
 l - 6 scrolls of teleportation
 n - a scroll of enchant weapon {unknown}
 C - a scroll of blinking {unknown}
 D - 3 scrolls of fear {unknown}
 G - 2 scrolls of magic mapping {unknown}
 L - 2 scrolls of summoning {unknown}
 Q - a scroll of vulnerability {unknown}
 R - a scroll of enchant armour {unknown}
Potions
 c - 3 potions of heal wounds {unknown}
 e - 3 potions of berserk rage {unknown}
 i - a potion of might {unknown}
 k - 5 potions of curing
 m - 2 potions of flight {unknown}
 r - 2 potions of attraction {unknown}
 s - a potion of cancellation {unknown}
 t - 2 potions of resistance {unknown}
 u - 2 potions of brilliance {unknown}
 z - 2 potions of degeneration {unknown}
 B - 2 potions of ambrosia {unknown}
 I - a potion of invisibility {unknown}
 P - a potion of mutation {unknown}


   Skills:
 + Level 0.9 Fighting
 - Level 3.0 Dodging
 - Level 3.0 Stealth
 + Level 12.0 Spellcasting
 + Level 10.0 Conjurations
 * Level 13.9 Fire Magic
 - Level 2.1 Evocations


You had 20 spell levels left.
You knew the following spells:

 Your Spells              Type           Power        Failure   Level
a - Foxfire               Conj/Fire      100%         1%          1
b - Conjure Flame         Conj/Fire      83%          1%          3
c - Sticky Flame          Conj/Fire      83%          1%          4
d - Fireball              Conj/Fire      41%          1%          5
e - Shock                 Conj/Air       100%         1%          1

Your spell library contained the following spells:

 Spells                   Type           Power        Failure   Level
 Iskenderun's Mystic Bla  Conj/Tloc      38%          1%          4
 Freeze                   Ice            56%          1%          1
 Sandblast                Erth           28%          1%          1
 Inner Flame              Hex/Fire       64%          1%          3
 Hailstorm                Conj/Ice       38%          1%          4
 Frozen Ramparts          Ice            28%          3%          3
 Animate Skeleton         Necr           28%          4%          1
 Apportation              Tloc           28%          4%          1
 Corona                   Hex            15%          4%          1
 Summon Small Mammal      Summ           56%          4%          1
 Ozocubu's Armour         Ice            14%          13%         3
 Summon Ice Beast         Ice/Summ       14%          38%         4
 Summon Mana Viper        Hex/Summ       14%          75%         5
 Malign Gateway           Summ/Tloc      7%           100%        7


Dungeon Overview and Level Annotations

Branches:
Dungeon (12/15)            Temple (1/1) D:5            Lair (0/6) D:8
    Orc (0/2) D:9

Altars:
Cheibriados
Dithmenos
Elyvilon
Fedhas
Gozag
Hepliaklqana
Kikubaaqudgha
Okawaru
Qazlal
Uskayaw
Vehumet
Xom
Yredelemnul
Zin
The Shining One
Beogh

Shops:
D:10 (

Annotations:
D:9 3 runed translucent doors
D:11 2 transporters, PanSaczeczos's ghost, journeyman HuCj


Message History

Your Spellcasting skill increases to level 12!
Your Conjurations skill increases to level 10!
As you read the scroll labelled CILENA PULUN, it crumbles to dust.
It is a scroll of amnesia.
Really abort (and waste the scroll)?
Okay, then.
As you read the scroll labelled EGA SEDEXOFI, it crumbles to dust.
It is a scroll of identify.
l - 7 scrolls of teleportation The fire giant hits you with a +6 great sword of flaming!
As you read the scroll of teleportation, it crumbles to dust.
You feel strangely unstable.
The fire giant hits you with a +6 great sword of flaming!!
Ouch! That really hurt!
* * * LOW HITPOINT WARNING * * *
The fire giant burns you!
* * * LOW HITPOINT WARNING * * *
You feel better.
The fire giant hits you with a +6 great sword of flaming!
You die...

##..# ## #
#..###..#
#...#...##
#...#......
##..##...##
# #...##.u.#
# ##...#####
# ##......#
# ##...@## #
###..CZ)....
##########


You could see a fire giant, a white ugly thing and a wyvern zombie (wandering).

Vanquished Creatures
  Snorg (D:11)
  An ettin (D:11)
  Erica (D:8)
  A two-headed ogre (D:10)
  An unseen horror (D:10)
  Pikel (D:3)
  A cyclops (D:11)
  An elephant (D:8)
  2 gargoyles
  A wyvern (D:8)
  A basilisk (D:8)
  8 yaks
  Menkaure (D:5)
  A water moccasin (D:8)
  A black bear (D:8)
  7 orc warriors
  3 sky beasts
  2 phantoms
  4 ice beasts
  6 centaurs
  3 ogres
  A lemure (D:4)
  4 bullfrogs
  A wyvern zombie (D:11)
  5 scorpions
  4 killer bees
  5 wights (D:9)
  7 howler monkeys
  2 electric eels
  2 hounds
  3 jellies
  A quasit (D:9)
  A centaur skeleton (D:4)
  A bullfrog zombie (D:11)
  3 bullfrog skeletons
  11 orc priests
  8 orc wizards
  Natasha (thrice) (D:2)
  6 iguanas
  6 worker ants
  2 killer bee zombies
  A hound skeleton (D:5)
  2 howler monkey zombies
  2 worker ant zombies
  6 adders
  A shadow imp (D:6)
  A white imp (D:7)
  2 ufetubi
  2 adder skeletons
  A worm (D:3)
  3 dart slugs
  6 leopard geckos
  39 orcs
  5 bats
  5 giant cockroaches
  4 goblins
  3 hobgoblins
  10 jackals
  4 kobolds
  2 quokkas
  A ball python (D:4)
  6 frilled lizards
  A leopard gecko skeleton (D:6)
  A quokka skeleton (D:7)
  15 rats
247 creatures vanquished.

Vanquished Creatures (others)
  1169 foxfires
  3 plants (D:11)
1172 creatures vanquished.

Grand Total: 1419 creatures vanquished

Notes
Turn   | Place    | Note
-------+----------+-------------------------------------------
     0 | D:1      | Arthanis the Deep Elf Fire Elementalist began the quest for
                  | the Orb.
     0 | D:1      | Reached XP level 1. HP: 10/10 MP: 6/6
   412 | D:1      | Reached XP level 2. HP: 14/15 MP: 4/8
  1150 | D:1      | Reached skill level 4 in Fire Magic
  1526 | D:2      | Found an opulent altar of Gozag.
  1534 | D:2      | Found an iron altar of Okawaru.
  1585 | D:2      | Reached XP level 3. HP: 19/19 MP: 6/10
  1791 | D:2      | Found a stormy altar of Qazlal.
  1898 | D:2      | Found a hazy altar of Hepliaklqana.
  2024 | D:2      | Noticed Natasha
  2030 | D:2      | Killed Natasha
  2107 | D:2      | Noticed Natasha
  2112 | D:2      | Killed Natasha
  2113 | D:2      | Reached XP level 4. HP: 14/24 MP: 4/12
  2236 | D:2      | Noticed Natasha
  2238 | D:2      | Killed Natasha
  2666 | D:3      | Learned a level 3 spell: Conjure Flame
  2671 | D:3      | Learned a level 4 spell: Sticky Flame
  2740 | D:3      | Reached skill level 5 in Fire Magic
  2941 | D:3      | Reached XP level 5. HP: 28/28 MP: 10/13
  4026 | D:4      | Reached skill level 5 in Spellcasting
  4026 | D:4      | Reached XP level 6. HP: 27/32 MP: 6/15
  4032 | D:4      | Learned a level 5 spell: Fireball
  4325 | D:4      | Found a snail-covered altar of Cheibriados.
  4523 | D:4      | Noticed Pikel
  4565 | D:3      | Killed Pikel
  4566 | D:3      | Reached skill level 7 in Fire Magic
  4566 | D:3      | Reached XP level 7. HP: 7/36 MP: 1/18
  4802 | D:4      | Found a glowing golden altar of the Shining One.
  5152 | D:4      | Found an ancient bone altar of Kikubaaqudgha.
  5216 | D:4      | Reached skill level 5 in Conjurations
  5564 | D:5      | Entered Level 5 of the Dungeon
  5671 | D:5      | Reached XP level 8. HP: 41/41 MP: 14/20
  5712 | D:5      | Reached skill level 8 in Fire Magic
  5769 | D:5      | Found a staircase to the Ecumenical Temple.
  5789 | Temple   | Entered the Ecumenical Temple
  5825 | Temple   | Became a worshipper of Vehumet
  5855 | D:5      | Noticed Menkaure
  5860 | D:5      | Killed Menkaure
  7354 | D:6      | Reached skill level 9 in Fire Magic
  8055 | D:7      | Found a shadowy altar of Dithmenos.
  8068 | D:7      | Reached XP level 9. HP: 36/45 MP: 18/23
  8224 | D:7      | Found a glowing silver altar of Zin.
  8228 | D:7      | Found Zin's Purification Station.
  8233 | D:7      | Bought a potion of curing for 90 gold pieces
  8373 | D:7      | Identified Laicwuon's Guide on Summoning and the Mountains
  8389 | D:7      | Reached skill level 10 in Fire Magic
  8446 | D:7      | Reached * piety under Vehumet
  8446 | D:7      | Offered knowledge of Shock by Vehumet.
  8449 | D:7      | Learned a level 1 spell: Shock
  9143 | D:8      | Noticed an elephant
  9283 | D:8      | Found a staircase to the Lair.
  9490 | D:8      | Reached skill level 11 in Fire Magic
  9738 | D:8      | Noticed Erica
  9740 | D:8      | Killed an elephant
  9875 | D:8      | Found an opulent altar of Gozag.
  9925 | D:8      | Found a hide-covered altar of Uskayaw.
  9979 | D:8      | Killed Erica
  9980 | D:8      | Reached skill level 10 in Spellcasting
  9980 | D:8      | Reached XP level 10. HP: 44/50 MP: 12/26
 10603 | D:9      | Found a staircase to the Orcish Mines.
 10619 | D:9      | Reached ** piety under Vehumet
 10624 | D:9      | Offered knowledge of Freeze by Vehumet.
 10869 | D:9      | Found the +8 trident of the Octopus King {venom, rElec
                  | rPois Will+}
 11195 | D:9      | Reached skill level 1 in Evocations
 11230 | D:9      | Found a runed translucent gate.
 11230 | D:9      | Found a runed translucent gate.
 11230 | D:9      | Found a runed translucent gate.
 11231 | D:9      | Noticed a white ugly thing
 11232 | D:9      | Noticed a purple ugly thing
 11232 | D:9      | Noticed a white ugly thing
 11233 | D:9      | Noticed a glowing orange brain
 11234 | D:9      | Noticed a red ugly thing
 11234 | D:9      | Noticed a cyan ugly thing
 11420 | D:9      | Reached skill level 12 in Fire Magic
 11426 | D:9      | Offered knowledge of Ignite Poison by Vehumet.
 11641 | D:9      | Found a shimmering altar of Xom.
 11922 | D:9      | Found a roughly hewn altar of Beogh.
 12360 | D:10     | Entered Level 10 of the Dungeon
 12417 | D:10     | Found Amesoxit's Weapon Boutique.
 12471 | D:10     | Found a white marble altar of Elyvilon.
 12473 | D:10     | Noticed a two-headed ogre
 12479 | D:10     | Killed a two-headed ogre
 12740 | D:10     | Killed an unseen horror
 13125 | D:10     | Noticed a gargoyle
 13129 | D:10     | Killed a gargoyle
 13536 | D:11     | Noticed a four-headed hydra
 13540 | D:11     | Noticed an orc knight
 13543 | D:11     | Found a transporter.
 13565 | D:11     | Noticed a cyan ugly thing
 13571 | D:11     | Noticed a skeletal warrior
 13625 | D:11     | Found a transporter.
 13635 | D:11     | Noticed Snorg
 13642 | D:11     | Killed Snorg
 13643 | D:11     | Reached skill level 13 in Fire Magic
 13643 | D:11     | Reached XP level 11. HP: 54/54 MP: 10/28
 13727 | D:11     | Noticed PanSaczeczos's ghost (journeyman HuCj)
 13733 | D:11     | Found a blossoming altar of Fedhas.
 13801 | D:11     | Reached *** piety under Vehumet
 14288 | D:11     | Offered knowledge of Iskenderun's Mystic Blast by Vehumet.
 15025 | D:11     | Noticed an ettin
 15026 | D:11     | Noticed a fire giant
 15027 | D:11     | Noticed a white ugly thing
 15028 | D:11     | Killed an ettin
 15029 | D:11     | Reached skill level 10 in Conjurations
 15031 | D:11     | HP: 1/55 [fire giant/+6 great sword of flaming (7)]
 15032 | D:11     | Slain by a fire giant

Illustrated notes

Levels and vault maps discovered:
D:1:      eino_arrival_cavern_d, layout_loops_corners, minmay_pentomino_w2
D:2:      layout_loops_ring, nzn_hepliaklqana_mist_gate, general_overflow_altar,
          okawaru_trees_2, lemuel_doored_altar, uniq_natasha
D:3:      layout_loops_ring, grunt_ministairs_7, kennysheep_boxes
D:4:      layout_loops_ring, cheibriados_altar_1, grunt_temple_overflow_open,
          uniq_pikel
D:5:      layout_layer_cave, minmay_temple_entry_waves, uniq_menkaure
D:6:      layout_cave_pools, minmay_between
D:7:      layout_layer_cave, nicolae_dithmenos_the_darkroom, zin_purify,
          item_on_display_a
D:8:      layout_cave_pools, old_standard_altar, david_lair_generic,
          basic_altar, uniq_erica
D:9:      layout_layer_cave, nicolae_overflow_crystal_walls,
          minmay_orc_entry_temple_large,
          ploomutoo_gammafunk_ghost_potion_laboratory
D:10:     layout_gridville, serial_shops, kennysheep_mini_moat, basic_altar,
          grunt_ministairs_1, kennysheep_pointless_box
D:11:     minmay_tile_spiral, layout_stronghold, nzn_ghost_randoct,
          fountainhead, minivault_1, fedhas_altar_3, uniq_urug, uniq_snorg
D:12:     layout_basic, nicolae_blasting_shop
Temple:   grunt_temple_mini_profane

Skill      XL: |  1  2  3  4  5  6  7  8  9 10 11 |
---------------+----------------------------------+-----
Fire Magic     | 4 5 7 9 11 13 | 13.9
Conjurations   | 2 3 4 5 6 8 9 10 | 10.0
Spellcasting   | 4 5 6 8 10 11 12 | 12.0
Evocations     | 2 |  2.1
Stealth        | 3 |  3.0
Dodging        | 3 |  3.0
Fighting       | |  0.9

Action                   |  1- 3 |  4- 6 |  7- 9 | 10-12 || total
-------------------------+-------+-------+-------+-------++-------
Melee: Unarmed           |     1 |       |       |       ||     1
       Dagger            |       |     1 |       |       ||     1
       Staff             |       |     3 |       |     1 ||     4
 Cast: Foxfire           |   104 |   140 |   289 |   196 ||   729
       Sticky Flame      |       |     1 |    11 |    25 ||    37
       Fireball          |       |       |     6 |    37 ||    43
       Conjure Flame     |       |       |       |     3 ||     3
       Shock             |       |       |       |     3 ||     3
  Use: Scroll            |       |       |     1 |     5 ||     6
       Potion            |       |       |     1 |     1 ||     2
Armor: Robe              |     6 |     4 |     8 |    10 ||    28
Dodge: Dodged            |    13 |    21 |    21 |    35 ||    90

Table legend: (Time is in decaauts)
 A = Elapsed time spent in this place.
 B = Non-inter-level travel time spent in this place.
 C = Inter-level travel time spent in this place.
 D = Time resting spent in this place.
 E = Time spent auto-exploring this place.
 F = Levels seen in this place.
 G = Mean time per level.
                   A        B        C        D        E       F      G
               +--------+--------+--------+--------+--------+-----+--------+
         Total |  15038 |  14507 |    531 |    639 |  12160 |  13 | 1156.8 |
       Dungeon |  14989 |  14470 |    519 |    639 |  12129 |  12 | 1249.1 |
        Temple |     49 |     37 |     12 |      0 |     31 |   1 |   49.0 |
               +--------+--------+--------+--------+--------+-----+--------+

Top non-repeatable levels by time:
     D:9: 2039 daAuts
     D:3: 1671 daAuts
     D:1: 1462 daAuts
     D:7: 1422 daAuts
     D:5: 1338 daAuts
     D:4: 1233 daAuts
     D:2: 1197 daAuts
    D:11: 1168 daAuts
    D:10: 1110 daAuts
     D:6: 1046 daAuts
     D:8: 894 daAuts
    D:12: 402 daAuts
  Temple: 49 daAuts
